 Dungeon Crawl Stone Soup version 0.30-a0-341-g682706514a (webtiles) character file.

Game seed: 4422940658752393595

72 koil the Ruffian (level 4, -1/36 HPs)
             Began as a Draconian Transmuter on Nov 4, 2022.
             Slain by a goblin
             ... wielding a +0 club
             ... led by Robin
              (5 damage)
             ... on level 2 of the Dungeon.
             The game lasted 00:05:13 (954 turns).

koil the Ruffian (Draconian Transmuter)              Turns: 954, Time: 00:05:14

Health: -1/36      AC:  5    Str: 13    XL:     4   Next: 7%
Magic:  7/7        EV: 12    Int: 15    God:
Gold:   66         SH:  0    Dex: 11    Spells: 2/7 levels left

rFire   . . .      SeeInvis .      - Unarmed
rCold   . . .      Faith    .    (no shield)
rNeg    . . .      Spirit   .    (body armour unavailable)
rPois   .          Reflect  .    (helmet restricted)
rElec   .          Harm     .    (no cloak)
rCorr   .          Rampage  .    (no gloves)
Will    .....                    (no boots)
Stlth   +.........               (no amulet)
HPRegen 0.26/turn                (no ring)
MPRegen 0.10/turn                (no ring)

@: slowed, very slow
A: AC +5, unfitting armour, cold-blooded
a: no special abilities


You were on level 2 of the Dungeon.
You visited 1 branch of the dungeon, and saw 2 of its levels.

You collected 66 gold pieces.

Inventory:

Scrolls
 b - 2 scrolls of teleportation {unknown}
 c - a scroll of vulnerability {unknown}
 h - a scroll of silence {unknown}
 j - a scroll of identify {unknown}
 k - a scroll of magic mapping {unknown}
Potions
 a - 2 potions of lignification
 d - a potion of curing {unknown}
 e - a potion of magic {unknown}
 f - a potion of brilliance {unknown}
 g - a potion of ambrosia {unknown}
 i - a potion of mutation {unknown}


   Skills:
 + Level 2.0 Fighting
 + Level 2.3 Dodging
 + Level 3.4 Unarmed Combat
 + Level 2.4 Spellcasting
 + Level 2.6 Transmutations


You had 2 spell levels left.
You knew the following spells:

 Your Spells              Type           Power      Damage    Failure   Level
a - Beastly Appendage     Tmut           18%        N/A       7%          1
b - Blink                 Tloc           2%         N/A       32%         2
c - Wereblood             Tmut           9%         N/A       11%         2

Your spell library contained the following spells:

 Spells                   Type           Power      Damage    Failure   Level
 Momentum Strike          Conj/Tloc      2%         3d8       32%         2
 Spider Form              Tmut/Pois      5%         N/A       36%         3
 Lesser Beckoning         Tloc           2%         N/A       54%         3
 Ice Form                 Ice/Tmut       5%         N/A       77%         4


Dungeon Overview and Level Annotations

Branches:
Dungeon (2/15)

Altars:

Annotations:
D:2 Robin


Innate Abilities, Weirdness & Mutations

Your plain brown scales are hard. (AC +5)
You cannot fit into any form of body armour.
You are cold-blooded and may be slowed by cold attacks.


Message History

The endoplasm hits you. The goblin hits you but does no damage.
The goblin hits you with a +0 dagger.
You completely miss the goblin.
The goblin is moderately wounded.
The goblin barely misses you. The goblin hits you with a +0 dagger.
The endoplasm freezes you.
You are frozen.
You feel yourself slow down. The goblin hits you with a +0 dagger.
The hobgoblin closely misses you. The goblin completely misses you.
You are too injured to fight recklessly!
You are too injured to fight recklessly!
You are too injured to fight recklessly!
You hit the hobgoblin.
You tail-slap the hobgoblin, but do no damage.
The hobgoblin is almost dead.
The goblin closely misses you. The endoplasm freezes you.
You are frozen.
You feel as though you will be slow longer.
The goblin hits you with a +0 club. The goblin hits you but does no damage.
The hobgoblin misses you. The goblin closely misses you.
The hobgoblin barely misses you. The goblin hits you with a +0 dagger.
The goblin hits you with a +0 club.
* * * LOW HITPOINT WARNING * * *
The goblin barely misses you. The endoplasm barely misses you.
The goblin closely misses you. The goblin misses you.
The endoplasm freezes you.
You are frozen.
* * * LOW HITPOINT WARNING * * *
You feel as though you will be slow longer.
The goblin hits you with a +0 dagger.
* * * LOW HITPOINT WARNING * * *
Robin throws the goblin at you! The goblin hits you with a +0 club.
* * * LOW HITPOINT WARNING * * *
Unknown command.
You closely miss the goblin. The goblin misses you.
The goblin closely misses you. The endoplasm barely misses you.
The goblin hits you with a +0 club.
You die...

......#
......#
......#
......# .
#....####
############..
.....'..#
#.............
#....####
#.....ggg.....
.....#
#...gggg......
#.#.##
#....g@Jg.....
#.....
+.)..g####....
###.###
#.....# ...
###.###
#.....# .
......#
#.....#
####..#
#.....#
##.#####...<.#
#††......#####
#...###..#


You could see Robin, an endoplasm, 2 hobgoblins and 7 goblins.

Vanquished Creatures
  2 adders (D:2)
  4 dart slugs (D:1)
  6 bats
  4 endoplasms
  3 giant cockroaches
  3 goblins
  4 hobgoblins (D:1)
  3 quokkas
  2 ball pythons (D:2)
  A frilled lizard (D:1)
  9 kobolds
  A rat (D:1)
42 creatures vanquished.

Notes
Turn   | Place    | Note
-------+----------+-------------------------------------------
     0 | D:1      | koil the Draconian Transmuter began the quest for the Orb.
     0 | D:1      | Reached XP level 1. HP: 16/16 MP: 3/3
    61 | D:1      | Reached XP level 2. HP: 23/23 MP: 5/5
    64 | D:1      | Learned a level 2 spell: Blink
   293 | D:1      | Found a faded altar of an unknown god.
   343 | D:1      | Reached XP level 3. HP: 29/29 MP: 6/6
   774 | D:2      | Learned a level 2 spell: Wereblood
   927 | D:2      | Reached XP level 4. HP: 36/36 MP: 4/7
   946 | D:2      | Noticed Robin
   954 | D:2      | Slain by a goblin

Illustrated notes

Levels and vault maps discovered:
D:1:      ncdulo_smallfort, layout_rooms,
          shapermc_ecumenical_altar_mp_highgroup, minmay_misc_feat_hallway,
          serial_bayou_pond_a, minmay_cut_off
D:2:      layout_basic, uniq_robin, uniq_natasha

Skill      XL: |  1  2  3 |
---------------+----------+-----
Dodging        | 2 |  2.3
Fighting       | 2 |  2.0
Unarmed Combat | |  3.4
Spellcasting   | |  2.4
Transmutations | |  2.6

Action                   |  1- 3 |  4- 6 || total
-------------------------+-------+-------++-------
Melee: Unarmed           |   132 |    17 ||   149
       Tailslap          |    15 |     2 ||    17
       Punch             |     2 |       ||     2
 Cast: Wereblood         |     2 |       ||     2
Armor: Skin              |    47 |    12 ||    59
Dodge: Dodged            |    99 |    28 ||   127

Table legend: (Time is in decaauts)
 A = Elapsed time spent in this place.
 B = Non-inter-level travel time spent in this place.
 C = Inter-level travel time spent in this place.
 D = Time resting spent in this place.
 E = Time spent auto-exploring this place.
 F = Levels seen in this place.
 G = Mean time per level.
                   A        B        C        D        E       F      G
               +--------+--------+--------+--------+--------+-----+--------+
         Total |    948 |    943 |      5 |      0 |    642 |   2 |  474.0 |
       Dungeon |    948 |    943 |      5 |      0 |    642 |   2 |  474.0 |
               +--------+--------+--------+--------+--------+-----+--------+

Top non-repeatable levels by time:
     D:1: 641 daAuts
     D:2: 306 daAuts
